 Dungeon Crawl Stone Soup version 0.26.1-11-gd32895ea62 (webtiles) character file.

Game seed: 16398545535200462181

9685 Almogavar the Tainter (level 11, 0/68 HPs)
             Began as an Octopode Venom Mage on May 24, 2021.
             Was a Believer of Nemelex Xobeh.
             Slain by a centaur warrior (7 damage)
             ... on level 14 of the Dungeon.
             The game lasted 01:04:07 (17300 turns).

Almogavar the Tainter (Octopode Venom Mage)        Turns: 17300, Time: 01:04:08

Health: 0/68       AC:  9    Str: 15    XL:     11   Next: 50%
Magic:  23/23      EV: 16    Int: 23    God:    Nemelex Xobeh [**....]
Gold:   571        SH:  0    Dex: 19    Spells: 14/27 levels left

rFire    x . .     SeeInvis .   i - +8 mace of Xoimpofo {speed, rF- rC+ Str+2 Int+2}
rCold    + . .     Faith    .   (no shield)
rNeg     + . .     Spirit   .   (helmet restricted)
rPois    +         Reflect  .   (no amulet)
rElec    .         Harm     .   c - +6 ring of strength
rCorr    .         Rampage  .   j - +6 ring of dexterity
Will     .....                  m - ring of poison resistance
Stlth    ++++++....             t - ring of stealth
HPRegen  0.21/turn              u - +4 ring of protection (curse)
MPRegen  0.18/turn              w - +4 ring of protection
                                A - ring of positive energy
                                (no ring)

@: no status effects
A: almost no armour, stealthy swim, amphibious, 8 rings, constrict 8, camouflage
1, gelatinous body 1
a: Renounce Religion, Draw Escape, Draw Destruction, Draw Summoning


You were on level 14 of the Dungeon.
You worshipped Nemelex Xobeh.
Nemelex Xobeh was pleased with you.
You visited 1 branch of the dungeon, and saw 12 of its levels.

You collected 620 gold pieces.
You spent 49 gold pieces at shops.

Inventory:

Hand Weapons
 f - a +4 dagger
 i - the +8 mace of Xoimpofo (weapon) {speed, rF- rC+ Str+2 Int+2}
   (You found it on level 5 of the Dungeon)

   Attacks with this weapon are significantly faster.
   It affects your strength (+2).
   It affects your intelligence (+2).
   It makes you vulnerable to fire.
   It protects you from cold.
Magical Staves
 D - an uncursed staff of conjuration
Jewellery
 c - a +6 ring of strength (left tentacle)
 j - a +6 ring of dexterity (right tentacle)
 m - a ring of poison resistance (on tentacle)
 t - a ring of stealth (on tentacle)
 u - a cursed +4 ring of protection (on tentacle)
 w - a +4 ring of protection (on tentacle)
 A - a ring of positive energy (on tentacle)
Wands
 a - a wand of digging (10)
 d - a wand of paralysis (8)
 l - a wand of iceblast (10)
 r - a wand of enslavement (7)
 B - a wand of random effects (17)
 F - a wand of polymorph (5)
Scrolls
 g - 4 scrolls of amnesia
 o - 2 scrolls of magic mapping
 q - 2 scrolls of enchant armour
 s - 2 scrolls of fear
 v - a scroll of silence
 x - a scroll of summoning
 z - a scroll of holy word {unknown}
 E - a scroll of random uselessness {unknown}
Potions
 b - 4 potions of flight
 h - 2 potions of curing
 n - a potion of haste
 p - a potion of invisibility {unknown}
 G - a potion of heal wounds
Miscellaneous
 C - a phantom mirror


   Skills:
 + Level 3.7 Fighting
 - Level 0.1 Short Blades
 + Level 6.0 Maces & Flails
 + Level 4.1 Dodging
 + Level 7.7 Stealth
 + Level 8.8 Spellcasting
 + Level 6.6 Transmutations
 + Level 1.2 Fire Magic
 + Level 4.4 Air Magic
 + Level 10.3 Poison Magic
 + Level 0.6 Evocations


You had 14 spell levels left.
You knew the following spells:

 Your Spells              Type           Power        Failure   Level
a - Sting                 Tmut/Pois      100%         1%          1
b - Poisonous Vapours     Pois/Air       88%          1%          2
c - Olgreb's Toxic Radia  Pois           55%          1%          4
d - Ignite Poison         Fire/Tmut/Pois 38%          1%          3
e - Mephitic Cloud        Conj/Pois/Air  32%          2%          3

Your spell library contained the following spells:

 Spells                   Type           Power        Failure   Level
 Passwall                 Tmut/Erth      20%          2%          2
 Magic Dart               Conj           40%          6%          1
 Sandblast                Erth           20%          6%          1
 Blink                    Tloc           N/A          10%         2
 Call Imp                 Summ           10%          10%         2
 Slow                     Hex            10%          10%         2
 Conjure Flame            Conj/Fire      13%          14%         3
 Petrify                  Tmut/Erth      25%          16%         4
 Stone Arrow              Conj/Erth      20%          19%         3
 Lee's Rapid Deconstruct  Erth           5%           87%         5


Dungeon Overview and Level Annotations

Branches:
Dungeon (11/15)            Temple (0/1) D:7             Orc (0/2) D:11
 Vaults (0/5) D:14
   Lair: D:8-11

Altars:
Ashenzari
Fedhas
Makhleb
Nemelex Xobeh
Wu Jian
Xom
Zin
Beogh

Shops:
D:4 }   D:7 ?   D:9 (

Annotations:
D:4 3 runed translucent doors, knorpule3000's ghost, amateur HuAE
D:7 1 transporter


Innate Abilities, Weirdness & Mutations

You cannot wear most types of armour.
You are very stealthy in the water. (Stealth+)
You are amphibious.
You can wear up to eight rings at the same time.
You can use your tentacles to constrict eight enemies at once.
Your skin changes colour to match your surroundings (Stealth+).
Your rubbery body absorbs attacks. (AC +1, EV +1)


Message History

The centaur warrior hits you.
* * * LOW HITPOINT WARNING * * *
You hit the centaur warrior.
The centaur warrior is moderately wounded.
The centaur warrior hits you.
* * * LOW HITPOINT WARNING * * *
You thump the centaur warrior!
The centaur warrior is heavily wounded.
The centaur warrior barely misses you.
You barely miss the centaur warrior. You squeeze the centaur warrior.
The centaur warrior is heavily wounded.
The centaur warrior barely misses you.
You sock the centaur warrior! You squeeze the centaur warrior!
The centaur warrior is almost dead.
The centaur warrior misses you.
You barely miss the centaur warrior.
The centaur warrior is almost dead.
The centaur warrior hits you!
You die...
Your body glows slightly and disappears.

#.#.# #.# #.# #.#.#
#.# #.# #.#.# #...○.°
#.#.## #. #######
#....# ####.########
#..#.p.p..
#......(..... ## #....
#######h# #.#......
###p..#
#.##.######.#.#
#.#.##### ...ppp. ..
#...c@..#..# #.#.# #
pp ###
########.#.###.#.#####
# p# #........>......
# .# ##.#.###########
.# ###.# # .# #.#
####.###### #.#
........... #l#
.########## #.#


You could see a centaur warrior.

Vanquished Creatures
  A boulder beetle (D:11)
  A death yak (D:11)
  Nergalle (D:11)
  A deep elf mage (D:11)
  2 manticores (D:11)
  An ugly thing (D:10)
  A cyclops (D:11)
  Psyche (D:8)
  8 yaks
  An orc warrior (D:10)
  A black bear (D:8)
  7 ice beasts
  3 phantoms
  3 sky beasts
  A hornet zombie (D:10)
  4 ogres
  3 centaurs
  7 bullfrogs
  A gnoll sergeant (D:5)
  A wyvern zombie (D:9)
  A water moccasin skeleton (D:8)
  4 wights (D:7)
  An electric eel (D:10)
  A bullfrog zombie (D:7)
  2 quasits
  A jelly (D:5)
  A centaur skeleton (D:4)
  7 hounds
  A bullfrog skeleton (D:7)
  A gnoll shaman (D:7)
  Crazy Yiuf (D:3)
  6 orc wizards
  8 orc priests
  3 iguanas
  10 worker ants
  A hound skeleton (D:5)
  Robin (D:2)
  8 gnolls
  10 adders
  2 shadow imps
  4 white imps
  An ufetubus (D:10)
  4 worms
  3 dart slugs
  3 leopard geckos
  24 orcs
  2 ball pythons (D:1)
  5 bats
  8 giant cockroaches
  11 goblins
  8 hobgoblins
  4 jackals
  8 kobolds
  2 quokkas
  A frilled lizard (D:1)
  A leopard gecko skeleton (D:8)
  A quokka skeleton (D:7)
  8 rats
217 creatures vanquished.

Notes
Turn   | Place    | Note
-------+----------+-------------------------------------------
     0 | D:1      | Almogavar the Octopode Venom Mage began the quest for the
                  | Orb.
     0 | D:1      | Reached XP level 1. HP: 11/11 MP: 3/3
   212 | D:1      | Reached skill level 4 in Poison Magic
   289 | D:1      | Reached XP level 2. HP: 17/17 MP: 3/5
   313 | D:1      | Learned a level 2 spell: Poisonous Vapours
  1064 | D:1      | Reached XP level 3. HP: 21/21 MP: 3/6
  1254 | D:2      | Noticed Robin
  1264 | D:2      | Killed Robin
  1702 | D:2      | You fall into a shaft and drop 1 floor!
  1702 | D:3      | Found a blossoming altar of Fedhas.
  1753 | D:3      | Reached XP level 4. HP: 11/27 MP: 3/7
  3466 | D:3      | Found a runed translucent door.
  3467 | D:3      | Noticed Crazy Yiuf
  3584 | D:3      | Killed Crazy Yiuf
  3585 | D:3      | Reached skill level 5 in Poison Magic
  3585 | D:3      | Reached XP level 5. HP: 7/32 MP: 4/9
  4248 | D:3      | Reached skill level 1 in Air Magic
  4585 | D:4      | Reached XP level 6. HP: 37/37 MP: 5/11
  4839 | D:4      | Found Fuulitt's Gadget Shop.
  4853 | D:4      | Noticed knorpule3000's ghost (amateur HuAE)
  5115 | D:4      | Reached XP level 7. HP: 32/42 MP: 4/13
  5196 | D:4      | Found a runed translucent gate.
  5200 | D:4      | Found a runed translucent gate.
  5201 | D:4      | Found a runed translucent gate.
  5292 | D:4      | Found a broken altar of Ashenzari.
  5434 | D:5      | Entered Level 5 of the Dungeon
  5820 | D:5      | Reached skill level 1 in Fighting
  5820 | D:5      | Reached skill level 6 in Poison Magic
  6554 | D:5      | Found a glowing silver altar of Zin.
  6554 | D:5      | Found a shimmering altar of Xom.
  6554 | D:5      | Noticed an angel
  7180 | D:4      | Reached XP level 8. HP: 14/48 MP: 13/15
  7531 | D:5      | Got a jewelled mace
  7532 | D:5      | Identified the +8 mace of Xoimpofo {speed, rF- rC+ Str+2
                  | Int+2} (You found it on level 5 of the Dungeon)
  7709 | D:5      | Reached skill level 5 in Spellcasting
  7727 | D:5      | Reached skill level 5 in Stealth
  8834 | D:6      | Reached skill level 1 in Maces & Flails
  9387 | D:6      | Found a sparkling altar of Nemelex Xobeh.
  9400 | D:6      | Became a worshipper of Nemelex Xobeh the Trickster
  9445 | D:6      | Reached skill level 7 in Poison Magic
  9593 | D:6      | Found an ornate altar of the Wu Jian Council.
  9827 | D:7      | Reached XP level 9. HP: 46/54 MP: 17/17
 10386 | D:7      | Found a transporter.
 10490 | D:7      | Found a sparkling altar of Nemelex Xobeh.
 10511 | D:7      | Found a staircase to the Ecumenical Temple.
 10933 | D:7      | Found Seedov Qugi's Magic Scroll Shoppe.
 10937 | D:7      | Bought a scroll of magic mapping for 49 gold pieces
 11176 | D:8      | Noticed Psyche
 11177 | D:8      | Paralysed by Psyche for 7 turns
 12232 | D:8      | Learned a level 4 spell: Olgreb's Toxic Radiance
 12462 | D:8      | Killed Psyche
 12581 | D:8      | Learned a level 3 spell: Ignite Poison
 13013 | D:8      | Reached * piety under Nemelex Xobeh
 13021 | D:8      | Reached skill level 8 in Poison Magic
 13257 | D:8      | Reached skill level 5 in Transmutations
 13357 | D:8      | Reached XP level 10. HP: 52/62 MP: 20/20
 13362 | D:8      | Learned a level 3 spell: Mephitic Cloud
 13600 | D:9      | Found Rofibbet's Antique Weapon Shoppe.
 13621 | D:9      | Received a gift from Nemelex Xobeh
 13925 | D:9      | Reached skill level 5 in Maces & Flails
 14537 | D:10     | Entered Level 10 of the Dungeon
 15353 | D:10     | Found a burning altar of Makhleb.
 15353 | D:10     | Noticed a blizzard demon
 15692 | D:11     | Noticed a cyclops
 15696 | D:11     | Killed a cyclops
 15697 | D:11     | Reached skill level 9 in Poison Magic
 15699 | D:11     | Noticed a green ugly thing
 15818 | D:10     | Killed a purple ugly thing
 16144 | D:11     | Noticed a deep elf mage
 16155 | D:11     | Killed a deep elf mage
 16156 | D:11     | Reached XP level 11. HP: 67/67 MP: 14/23
 16293 | D:11     | Reached ** piety under Nemelex Xobeh
 16299 | D:11     | Noticed Nergalle
 16300 | D:11     | Noticed a boulder beetle
 16311 | D:11     | Killed Nergalle
 16323 | D:11     | Killed a boulder beetle
 16324 | D:11     | Reached skill level 10 in Poison Magic
 16363 | D:11     | Noticed a manticore
 16384 | D:11     | Killed a manticore
 16556 | D:11     | Noticed a manticore
 16567 | D:11     | Killed a manticore
 16568 | D:11     | Reached skill level 1 in Fire Magic
 16638 | D:11     | Noticed a death yak
 16660 | D:11     | Killed a death yak
 16924 | D:11     | Found a staircase to the Orcish Mines.
 16938 | D:11     | Found a roughly hewn altar of Beogh.
 17102 | D:11     | You fall into a shaft and drop 3 floors!
 17183 | D:14     | Found a gate to the Vaults.
 17183 | D:14     | Noticed a vault guard
 17183 | D:14     | Noticed a vault guard
 17183 | D:14     | Noticed a vault guard
 17183 | D:14     | Noticed a vault guard
 17183 | D:14     | Noticed a vault guard
 17192 | D:14     | Noticed a vault guard
 17192 | D:14     | Noticed a vault guard
 17219 | D:14     | Noticed a catoblepas
 17222 | D:14     | Noticed a vault guard
 17226 | D:14     | Noticed a red ugly thing
 17237 | D:14     | Received a gift from Nemelex Xobeh
 17242 | D:14     | Noticed a cyclops
 17242 | D:14     | Noticed a red ugly thing
 17250 | D:14     | Noticed a red ugly thing
 17250 | D:14     | Noticed a seven-headed hydra
 17250 | D:14     | Noticed a red ugly thing
 17250 | D:14     | Noticed a red ugly thing
 17250 | D:14     | Noticed a red ugly thing
 17290 | D:14     | Noticed a centaur warrior
 17300 | D:14     | Slain by a centaur warrior

Illustrated notes

Levels and vault maps discovered:
D:1:      dpeg_arrival_another_circle, layout_basic
D:2:      layout_basic, uniq_robin
D:3:      layout_loops_ring, fedhas_altar_1, uniq_crazy_yiuf_cottage
D:4:      layout_cave_pools, cheibrodos_ashenzari_chains, serial_shops, shop,
          gammafunk_ghost_split, minmay_large_rounded_square
D:5:      layout_cave_pods, grunt_temple_overflow_order_and_chaos_1,
          nicolae_ossuary_entry_monument, serial_bayou_lagoon_a
D:6:      layout_loops_ring, pdpol_wu_jian_five_deadly_venoms,
          pf_just_have_faith
D:7:      gammafunk_the_bubble [the_bubble_gammafunk_crates], layout_basic,
          nicolae_overflow_hidden_temple, temple_hall, serial_shops,
          nicolae_shop_behind_doors
D:8:      layout_loops_ring, uniq_psyche
D:9:      layout_stronghold, serial_shops, shop, serial_bayou_pond_a,
          minmay_diced_spiral
D:10:     layout_loops_ring, kennysheep_donut, makhleb_altar_promises_db
D:11:     layout_irregular_city, dpeg_lair_monsters,
          minmay_orc_entry_temple_small, hangedman_glass_teeth,
          grunt_ministairs_11, hangedman_tell_no_tales, uniq_nergalle
D:14:     layout_loops_ring, erik_vaults_2, minmay_misc_feat_nine_boxes,
          david_defended_altar_elf

Skill      XL: |  1  2  3  4  5  6  7  8  9 10 11 |
---------------+----------------------------------+-----
Poison Magic   | 4 5 6 7 8 9 10 | 10.3
Stealth        | 3 4 5 6 7 |  7.7
Spellcasting   | 3 4 5 6 8 |  8.8
Air Magic      | 1 2 3 4 |  4.4
Transmutations | 2 3 4 5 6 |  6.6
Fighting       | 1 2 3 |  3.7
Dodging        | 3 4 |  4.1
Maces & Flails | 2 4 5 6 |  6.0
Fire Magic     | 1 |  1.2
Short Blades   | |  0.1
Evocations     | |  0.6

Action                   |  1- 3 |  4- 6 |  7- 9 | 10-12 || total
-------------------------+-------+-------+-------+-------++-------
Melee: Dagger            |    19 |    21 |    45 |       ||    85
       Constrict         |     4 |     3 |    28 |    13 ||    48
       Tentacles         |     2 |     4 |    35 |    32 ||    73
       Mace              |       |       |   130 |   103 ||   233
 Cast: Sting             |    36 |    78 |   103 |    70 ||   287
       Poisonous Vapours |    10 |    21 |    32 |    33 ||    96
       Ignite Poison     |       |       |     2 |     9 ||    11
       Olgreb's Toxic Ra |       |       |       |     5 ||     5
Invok: Draw Escape       |       |       |       |     5 ||     5
       Draw Destruction  |       |       |       |     3 ||     3
       Draw Summoning    |       |       |       |     1 ||     1
Evoke: Wand              |       |       |       |     3 ||     3
  Use: Scroll            |     4 |     2 |    12 |     9 ||    27
       Potion            |       |       |     2 |     2 ||     4
 Stab: Sleeping          |     3 |     1 |    11 |     8 ||    23
       Distracted        |       |       |       |     1 ||     1
Armor: Skin              |     1 |     1 |    13 |    17 ||    32
Dodge: Dodged            |    12 |    28 |   147 |    69 ||   256
